woodfighter, chaotic female sylph Ranger ------ ----->...| ----------- +........| |........*| |........| ------- ##..........| --------------- |........| |.....-- # |.........| |!!!!!]!!!!!!!| #.........| |......| ### ---------.- |!!!]!!!!!!!!!| ###-)-------- |......| # # |.............| # ## |...*...#%%#%### # ----------|---- # # --.....| ### #@q## # ### ----.-- # # # # # # -|-.--- ### # ---|----- ###### --.....| # # |.....*..#######--.-- #########)########.......| #% -----# |.......| #*...| |......| ---[------- |...|# |.......-#######|...| |......| |..`.^....| ##....|# --------- #|<..| ##......-- |.^<......| # |....# #----- # ------- |.........-###### ----- ######################## ----------- woodfighter the Trailblazer Experience level: 8 Strength: 16 Dexterity: 13 Constitution: 16 Intelligence: 14 Wisdom: 13 Charisma: 8 Health: 0(57) Energy: 43(43) Def: 4 Gold: 0 Moves: 7530 Dungeon seed: ydVO0X75GibmlAQE Game ID: woodfighter_1470456930 Your Inventory: Weapons a - a +2 bow (weapon in hand) c - 51 +2 arrows (in quiver) d - 34 +0 arrows Armor e - an uncursed +2 cloak of displacement (being worn) Comestibles m - an uncursed fortune cookie Q - 8 uncursed food rations Scrolls z - a blessed scroll of identify Potions B - a cursed potion of speed Rings E - an uncursed +1 ring of protection (on left hand) Wands C - a wand of lightning (0:5) H - a wand of teleportation (0:8) V - a wand of undead turning (0:5) Tools s - an uncursed bag of holding y - 4 uncursed tallow candles (0:200) D - a +0 unicorn horn Contents of the bag of holding: a +0 pick-axe Spells and supernatural/magical abilities: Name Level Category Fail Memory W - pray for help -- divine ? -- Your skills at the end: Miscellaneous Skills wands [Basic] Weapon Skills dagger [Basic] bow [Expert] Spellcasting Skills Final Attributes: You were piously aligned. You saw invisible. You had automatic searching. You had infravision. You were displaced. You were stealthy. You were protected. You were protected from shape changers. You are dead. Vanquished creatures: 2 giant mimics a small mimic a leather golem a leprechaun a spotted jelly a gnome king an orc mummy 2 gold golems 2 dogs a dingo a white unicorn a raven a rope golem 3 soldier ants 3 fire ants a Mordor orc a rock piercer a pony a fog cloud 2 yellow lights a shrieker a violet fungus 2 gnome lords 2 gnomish wizards a red naga hatchling a golden naga hatchling a guardian naga hatchling 4 gray oozes a straw golem 3 paper golems 2 giant ants a little dog a dwarf 2 homunculi 2 kobold shamans 3 iguanas 4 hill orcs 11 rothes 2 centipedes 3 orc zombies 2 dwarf zombies 3 wererats 2 werejackals a coyote 3 gas spores 2 hobbits 3 acid blobs 3 large kobolds 5 geckos a hobgoblin 4 giant rats a brown mold 2 yellow molds a green mold 4 red molds 2 gnomes 6 garter snakes 9 manes 3 gnome zombies 8 jackals 2 foxes 4 kobolds 8 newts 2 goblins 7 sewer rats 5 grid bugs 4 bats 4 lichens 2 kobold zombies 179 creatures vanquished. Voluntary challenges: You were vegetarian. You had followed a strict vegan diet until turn 2193. You had been an atheist until turn 2740. You used a wielded weapon 10 times, starting on turn 1384. You did not apply a unicorn horn. You were illiterate. You never genocided any monsters. You never polymorphed an object. You never changed form. You completed Sokoban on turn 6767, according to the rules. You used no wishes. You never split a pudding. You never wrote Elbereth's name. You violated your moral code, losing 1 point of alignment, starting on turn 4305. Dungeon overview: The Dungeons of Doom: levels 1 to 9 Level 1 a fountain a long staircase Level 2 (closed shop) Level 3 a fountain Level 4 a fountain stairs to The Gnomish Mines Level 5 (shop) Level 6 (leprechaun) Level 7 many fountains Level 8 <- You were here a potion shop stairs to Sokoban Level 9 an altar to Venus The Gnomish Mines: Level 5 stairs to The Dungeons of Doom Sokoban: levels 4 to 7 Level 4 a magic chest Level 5 Level 6 Level 7 a magic chest stairs to The Dungeons of Doom History has recorded: On T:1 you entered the Dungeons of Doom to retrieve the Amulet of Yendor! On T:104 you reached level 2 of The Dungeons of Doom. On T:487 you reached level 3 of The Dungeons of Doom. On T:704 you reached level 4 of The Dungeons of Doom. On T:779 you advanced to experience level 2. On T:870 you reached level 5 of The Dungeons of Doom. On T:968 you advanced to experience level 3. On T:1062 you reached level 1 of The Gnomish Mines. On T:1222 you reached level 6 of The Dungeons of Doom. On T:1462 you advanced to experience level 4. On T:1880 you reached level 7 of The Dungeons of Doom. On T:2190 you advanced to experience level 5. On T:2214 you reached level 8 of The Dungeons of Doom. On T:2736 you reached level 9 of The Dungeons of Doom. On T:2773 you reached level 4 of Sokoban. On T:2816 you opened a magic chest. On T:2817 you opened a magic chest. On T:2820 you opened a magic chest. On T:2821 you opened a magic chest. On T:2822 you opened a magic chest. On T:2932 you opened a magic chest. On T:2933 you opened a magic chest. On T:3140 you advanced to experience level 6. On T:3344 you reached level 3 of Sokoban. On T:3388 you opened a magic chest. On T:3389 you opened a magic chest. On T:4308 you advanced to experience level 7. On T:4319 you reached level 2 of Sokoban. On T:4826 you reached level 1 of Sokoban. On T:6767 you advanced to experience level 8. On T:6767 you entered the Sokoban zoo. On T:7021 you opened a magic chest. On T:7107 you opened a magic chest. On T:7117 you opened a magic chest. On T:7117 you opened a magic chest. On T:7178 you opened a magic chest. Score breakdown: Gold: 0 ( 0 points) Experience: 8 levels ( 700 points) Exploration: 9 levels ( 240 points) Discoveries: 4 items ( 200 points) Variety of kills: 69 monsters ( 2000 points) Major goal: finished Sokoban ( 1000 points) Survival: died (score multiplied by 3) Total score: 12420 Latest messages: Never mind. You see here a statue of a newt. There is a doorway here. There are several objects here. The white unicorn butts! The white unicorn kicks! The white unicorn butts! The white unicorn misses. The white unicorn butts! The white unicorn kicks! The white unicorn butts! The white unicorn kicks! You shoot 4 arrows. The 1st arrow hits the white unicorn! The 2nd arrow hits the white unicorn! The 3rd arrow hits something! You kill the white unicorn! c - 4 +2 arrows (in quiver). B - an orange potion. There are a few more objects here. D - a unicorn horn. The mumak butts! The mumak bites! You die... Final status: Goodbye woodfighter the Ranger, killed by a mumak... You died in The Dungeons of Doom on dungeon level 8 with 12420 points, and 0 pieces of gold, after 7530 moves. You were level 8 with a maximum of 57 hit points when you died.